 Dungeon Crawl Stone Soup version bcrawl-1.12.2 (webtiles) character file.

Game seed: 14697945828247387518

58 Ebbett the Sneak (level 3, -4/24 HPs)
             Began as a Vampire Rogue on July 23, 2019.
             Was an Initiate of Okawaru.
             Shot with an arrow by a centaur (6 damage)
             ... on level 3 of the Dungeon.
             The game lasted 00:03:08 (1931 turns).

Ebbett the Sneak (Vampire Rogue)                    Turns: 1931, Time: 00:03:09

Health: -4/24      AC:  3    Str: 14    XL:     3   Next: 76%
Magic:  4/4        EV: 11    Int: 11    God:    Okawaru [......]
Gold:   229        SH:  0    Dex: 15    Spells: 2/2 levels left

rFire    . . .     SeeInvis +   l - +1 dagger (elec)
rCold    + . .     Gourm    .   (no shield)
rNeg     + + .     Faith    .   c - +0 robe
rPois    ∞         Spirit   .   (no helmet)
rElec    .         Reflect  .   d - +0 cloak
rCorr    .         Harm     .   (no gloves)
MR       .....                  (no boots)
Stlth    ++++++....             (no amulet)
HPRegen  0.04/turn              (no ring)
MPRegen  0.09/turn              (no ring)

@: regenerating slowly
A: claws 1, fangs 3, see invisible, unbreathing
a: Renounce Religion


You were on level 3 of the Dungeon.
You worshipped Okawaru.
Okawaru was noncommittal.
You were very thirsty.

You visited 1 branch of the dungeon, and saw 3 of its levels.

You collected 229 gold pieces.

Inventory:

Hand Weapons
 a - a +2 dagger
 b - a +0 blowgun
 l - a +1 dagger of electrocution (weapon)
Missiles
 e - 80 poisoned needles
Armour
 c - a +0 robe (worn)
 d - a +0 cloak (worn)
Wands
 f - a wand of flame (15)
 g - a wand of enslavement (15)
Scrolls
 i - 3 scrolls of remove curse {unknown}
 j - 3 scrolls of identify {unknown}
 k - a scroll of enchant weapon {unknown}
 p - a scroll of teleportation {unknown}
Potions
 h - 6 potions of blood
 m - a potion of curing {unknown}
 n - a potion of might {unknown}
 o - a potion of agility {unknown}


   Skills:
 + Level 0.1 Fighting
 + Level 3.1 Short Blades
 + Level 1.8 Throwing
 + Level 0.4 Dodging
 + Level 7.8 Stealth
 + Level 2.1 Evocations


You had 2 spell levels left.
You didn't know any spells.
Your spell library was empty.

Dungeon Overview and Level Annotations

Branches:
Dungeon (3/12)

Altars:
Okawaru


Innate Abilities, Weirdness & Mutations

You heal slowly.
You are immune to poison.
You have sharp fingernails.
You have razor-sharp teeth.
You have supernaturally acute eyesight. (SInv)
You can survive without breathing.


Message History

An adder comes into view.
You see here a scroll labeled VAICWICSUA.
An orc comes into view.
It is wielding a +1 flail of protection.
An orc comes into view.
The centaur shouts!
The orc shouts! x2; You hear a shout!
You hear an angry hiss.
An orc comes into view. It is wielding a +0 war axe.
The centaur wields a +0 shortbow.
The centaur shoots an arrow.
The arrow hits you.
Found a quarterstaff.
There are monsters nearby!
The centaur shoots an arrow.
The arrow hits you!
Ouch! That really hurt!
The centaur shoots an arrow.
The arrow hits you.
* * * LOW HITPOINT WARNING * * *
You hear an angry hiss.
The centaur shoots an arrow.
The arrow closely misses you.
You hear an angry hiss.
The centaur shoots an arrow.
The arrow hits you.
You die...

...##..... .....
......... ....
........ ...
##.#.o..## ..
#......o$## .# .
#.......oc##.####..
...........?......#
#.....#..........##
)........@...###.#
...........>## #
............####.##
###..##+#.........#
#.P #..#.....## #.
#....#####
####....##
.......<.#
.........#


You could see a centaur and 3 orcs.

Vanquished Creatures
  A worm (D:2)
  4 dart slugs
  4 leopard geckos
  A giant cockroach (D:2)
  4 goblins
  7 hobgoblins
  2 jackals (D:2)
  A bat (D:3)
  6 frilled lizards
  4 kobolds
  10 rats
44 creatures vanquished.

Notes
Turn   | Place    | Note
-------+----------+-------------------------------------------
     0 | D:1      | Ebbett the Vampire Rogue began the quest for the Orb.
     0 | D:1      | Reached XP level 1. HP: 13/13 MP: 2/2
   168 | D:1      | Reached skill level 7 in Stealth
   168 | D:1      | Reached XP level 2. HP: 16/19 MP: 3/3
  1044 | D:2      | Found an iron altar of Okawaru.
  1090 | D:2      | Became a worshipper of Warmaster Okawaru
  1144 | D:2      | Reached XP level 3. HP: 24/24 MP: 4/4
  1918 | D:3      | Noticed a centaur
  1931 | D:3      | Shot with an arrow by a centaur

Skill      XL: |  1  2  3 |
---------------+----------+-----
Stealth        | 7 |  7.8
Short Blades   | 3 |  3.1
Fighting       | |  0.1
Throwing       | |  1.8
Dodging        | |  0.4
Evocations     | |  2.1

Action                   || total
-------------------------++-------
Melee: Dagger            ||    83
       Bite              ||     7
  Use: Potion            ||     1
 Stab: Sleeping          ||    17
       Distracted        ||     1
Armor: Robe              ||    15
Dodge: Dodged            ||    38
